 Dungeon Crawl Stone Soup version 0.23.2-1-ga50397a (webtiles) character file.

Game seed: 15246895810623625105

116 troglodite the Conjurer (level 4, 0/22 HPs)
             Began as a Spriggan Conjurer on May 28, 2019.
             Killed from afar by an orc wizard (9 damage)
             ... with a puff of flame
             ... on level 3 of the Dungeon.
             The game lasted 00:17:42 (2957 turns).

troglodite the Conjurer (Spriggan Conjurer)         Turns: 2957, Time: 00:17:43

Health: 0/22       AC:  2    Str:  4    XL:     4   Next: 69%
Magic:  4/10       EV: 19    Int: 16    God:
Gold:   65         SH:  0    Dex: 17    Spells: 3/10 levels left

rFire    . . .     SeeInvis +   l - +1 dagger (venom)
rCold    . . .     Gourm    .   (shield restricted)
rNeg     . . .     Faith    .   a - +0 robe
rPois    .         Spirit   .   (helmet restricted)
rElec    .         Reflect  .   (no cloak)
rCorr    .         Harm     .   (gloves unavailable)
MR       .....                  (boots unavailable)
Stlth    +++.......             (no amulet)
HPRegen  0.07/turn              (no ring)
MPRegen  0.12/turn              (no ring)

@: very slightly contaminated, very quick
A: very small, unfitting armour, see invisible, herbivore, speed 3, slow
metabolism 2
a: no special abilities


You were on level 3 of the Dungeon.
You were not hungry.

You visited 1 branch of the dungeon, and saw 3 of its levels.

You collected 65 gold pieces.

Inventory:

Hand Weapons
 k - a +0 hunting sling
 l - a +1 dagger of venom (weapon)
Missiles
 g - 191 stones (quivered)
Armour
 a - a +0 robe (worn)
Wands
 m - a wand of digging (4)
Scrolls
 b - a scroll of amnesia {unknown}
 d - a scroll of fog {unknown}
 e - a scroll of teleportation
 f - a scroll of remove curse
 h - 3 scrolls of enchant weapon {unknown}
Potions
 i - 2 potions of mutation
 j - a potion of agility
Comestibles
 c - 5 rations


   Skills:
 * Level 1.0 Fighting
 * Level 0.7 Short Blades
 * Level 0.7 Slings
 * Level 3.4 Dodging
 * Level 3.4 Stealth
 * Level 3.7 Spellcasting
 * Level 3.7 Conjurations
 * Level 0.6 Translocations


You had 3 spell levels left.
You knew the following spells:

 Your Spells              Type           Power        Failure   Level  Hunger
a - Magic Dart            Conj           ##..         3%          1    None
b - Searing Ray           Conj           ##....       6%          2    ##.....
c - Force Lance           Conj/Tloc      #.......     56%         4    ####...

Your spell library contained the following spells:

 Spells                   Type           Power        Failure   Level  Hunger
 Dazzling Spray           Conj/Hex       #.....       24%         3    ###....
 Iskenderun's Mystic Bla  Conj           ##......     36%         4    ####...
 Fulminant Prism          Conj/Hex       #.........   63%         4    ####...


Dungeon Overview and Level Annotations

Branches:
Dungeon (3/15)

Altars:


Innate Abilities, Weirdness & Mutations

You are very small and have problems with some larger weapons.
You are too small for most types of armour.
You have supernaturally acute eyesight. (SInv)
You are a herbivore.
You cover ground extremely quickly.
You need to consume almost no food.


Message History

a +0 ring mail; the goblin corpse of Ijyb An adder is nearby!
An adder is nearby! 2 orcs come into view.
An orc wizard comes into view. It is wielding a +0 dagger.
The orc shouts! x2; The orc wizard shouts!
The orc wizard mumbles some strange words.
The orc wizard seems to speed up.
There is a stone staircase leading down here.
The orc wizard casts a spell.
The orc wizard flickers and vanishes for a moment.
The orc priest looks satisfied for a moment.
The orc wizard barely misses you.
The orc wizard hits you but does no damage.
The orc priest mumbles some strange prayers to Beogh against you.
Beogh smites you!
The kobold shouts!
The orc wizard points at you and mumbles some strange words.
The puff of flame hits you!
You die...

........ #.....o..#
........##.##.....#
........##.#..<#o##########
........##.#.###..........#
........##.#..............#
..))...##.#####..........#
..o.. #.# #oK........# #..#
#.# #..........# #.###.#
#@.........#
#..##.#####..........#
##..K......###########
##......^.# #..........#
#...#.###### ......#.#
#........# ###......#


You could see an orc priest, an orc wizard (invisible) and a kobold.

Vanquished Creatures
  Ijyb (D:3)
  Terence (D:2)
  Robin (D:2)
  An adder skeleton (D:3)
  3 leopard geckos
  2 orcs (D:3)
  3 bats
  3 giant cockroaches
  11 hobgoblins
  4 kobolds
  3 frilled lizards
  12 goblins
  5 rats
50 creatures vanquished.

Notes
Turn   | Place    | Note
-------+----------+-------------------------------------------
     0 | D:1      | troglodite the Spriggan Conjurer began the quest for the
                  | Orb.
     0 | D:1      | Reached XP level 1. HP: 9/9 MP: 5/5
   391 | D:1      | Reached XP level 2. HP: 7/13 MP: 1/6
   421 | D:1      | Learned a level 2 spell: Searing Ray
  1400 | D:2      | Noticed Robin
  1480 | D:2      | Reached XP level 3. HP: 17/17 MP: 2/8
  1506 | D:2      | Noticed Terence
  1878 | D:2      | Killed Robin
  2565 | D:2      | Killed Terence
  2565 | D:2      | Reached XP level 4. HP: 19/21 MP: 0/10
  2756 | D:3      | Reached skill level 1 in Fighting
  2762 | D:3      | Learned a level 4 spell: Force Lance
  2865 | D:3      | Noticed Ijyb
  2894 | D:3      | Killed Ijyb
  2957 | D:3      | Killed from afar by an orc wizard

Skill      XL: |  1  2  3  4 |
---------------+-------------+-----
Conjurations   | 3 |  3.7
Spellcasting   | 3 |  3.7
Fighting       | 1 |  1.0
Short Blades   | |  0.7
Slings         | |  0.7
Dodging        | |  3.4
Stealth        | |  3.4
Translocations | |  0.6

Action                   |  1- 3 |  4- 6 || total
-------------------------+-------+-------++-------
Melee: Dagger            |    67 |    17 ||    84
 Cast: Magic Dart        |   123 |    19 ||   142
       Searing Ray       |     4 |     1 ||     5
  Use: Scroll            |     4 |     1 ||     5
Armor: Robe              |     6 |     4 ||    10
Dodge: Dodged            |    68 |    16 ||    84
